 Dungeon Crawl Stone Soup version 0.27.0-1-g7a089689b8 (webtiles) character file.

Game seed: 5412342860780668671

174871 dolemite99 the Nimble (level 18, -4/141 (143) HPs)
             Began as a Gnoll Monk on Aug 1, 2021.
             Was an Elder of Makhleb.
             Slain by a vampire knight (14 damage)
             ... on level 3 of the Swamp.
             The game lasted 01:32:41 (44875 turns).

dolemite99 the Nimble (Gnoll Monk)                 Turns: 44875, Time: 01:32:41

HP:   -4/141 (143)  AC: 22    Str: 17    XL:     18   Next: 8%
MP:   0/43          EV: 17    Int: 15    God:    Makhleb [****..]
Gold: 763           SH: 12    Dex: 16    Spells: 2/40 levels left

rFire    + + .     SeeInvis .   a - +8 trident of the Octopus King {venom, rElec rPois Will+}
rCold    + + +     Faith    .   t - +0 kite shield
rNeg     . . .     Spirit   +   V - +0 swamp dragon scales
rPois    +         Reflect  .   o - +3 hat of Pondering {ponderous, Will+ MP+10 Int+5}
rElec    +         Harm     .   B - scarf {rC+ rF+}
rCorr    .         Rampage  .   v - +1 pair of gloves {archery}
Will     +++..                  r - +1 pair of boots of Time Monsters {rF+ rC++}
Stlth    +++++.....             D - amulet of guardian spirit
HPRegen  0.33/turn              q - +4 ring of protection {=R}
MPRegen  0.28/turn              L - +4 ring of slaying {=R}

@: lightly drained, slow
A: fangs 1, strong nose, distributed training
a: Renounce Religion, Minor Destruction, Lesser Servant of Makhleb, Major
Destruction


You were on level 3 of the Swamp.
You worshipped Makhleb.
Makhleb was greatly pleased with you.
You visited 5 branches of the dungeon, and saw 31 of its levels.
You also visited: Ice Cave.

You collected 3252 gold pieces.
You spent 2489 gold pieces at shops.

Inventory:

Hand Weapons
 a - the +8 trident of the Octopus King (weapon) {venom, rElec rPois Will+}
   (You found it on level 6 of the Lair of Beasts)

   It poisons the flesh of those it strikes.
   rElec:     It insulates you from electricity.
   rPois:     It protects you from poison.
   Will:      It increases your willpower.
 b - a +4 hunting sling of flaming
 e - a +0 scimitar of holy wrath
 Z - a +4 scimitar of flaming
Missiles
 h - 33 sling bullets
 n - 812 stones
 A - 88 poisoned darts
 C - 14 curare-tipped darts
 G - 2 throwing nets
Armour
 o - the +3 hat of Pondering (worn) {ponderous, Will+ MP+10 Int+5}
   (You took it off Gastronok on level 10 of the Dungeon)

   Int:       It affects your intelligence (+5).
   MP:        It affects your magic capacity (+10).
   Will:      It increases your willpower.
 r - the +1 pair of boots of Time Monsters (worn) {rF+ rC++}
   (You bought it in a shop on level 2 of the Orcish Mines)

   rF:        It protects you from fire.
   rC:        It greatly protects you from cold.
 t - a +0 kite shield (worn)
 v - a +1 pair of gloves of archery (worn)
 B - a scarf of resistance (worn)
 V - +0 swamp dragon scales (worn)
Magical Staves
 w - a staff of air
Jewellery
 j - a ring of poison resistance
 m - a ring of willpower
 q - a +4 ring of protection (left hand) {=R}
 z - a ring of protection from cold
 D - an amulet of guardian spirit (around neck)
 L - a +4 ring of slaying (right hand) {=R}
 N - a +6 ring of dexterity
 R - a +4 ring of evasion
 W - a ring of protection from cold
 X - a ring of flight
Scrolls
 g - 10 scrolls of teleportation
 k - 6 scrolls of amnesia
 s - 5 scrolls of magic mapping
 y - 4 scrolls of identify {@r1}
 H - 6 scrolls of vulnerability
 P - a scroll of fog
Potions
 d - 10 potions of lignification
 i - 12 potions of curing
 l - 3 potions of cancellation
 u - 6 potions of might
 x - 3 potions of flight
 E - 4 potions of magic
 F - 4 potions of berserk rage
 I - 3 potions of brilliance
 M - 3 potions of attraction
 O - a potion of invisibility
 Q - a potion of haste
 U - a potion of ambrosia
Miscellaneous
 K - a lightning rod (4/4)


   Skills:
 + Level 13.2 Fighting
 + Level 11.8 Short Blades
 + Level 11.8 Long Blades
 + Level 11.8 Axes
 + Level 11.8 Maces & Flails
 + Level 13.2 Polearms
 + Level 11.8 Staves
 + Level 11.8 Slings
 + Level 11.8 Bows
 + Level 11.8 Crossbows
 + Level 11.8 Throwing
 + Level 11.8 Armour
 + Level 13.2 Dodging
 + Level 12.4 Stealth
 + Level 11.8 Shields
 + Level 11.8 Unarmed Combat
 + Level 11.8 Spellcasting
 + Level 10.1 Conjurations
 + Level 10.1 Hexes
 + Level 10.1 Summonings
 + Level 10.1 Necromancy
 + Level 10.1 Translocations
 + Level 10.1 Transmutations
 + Level 10.1 Fire Magic
 + Level 10.1 Ice Magic
 + Level 10.1 Air Magic
 + Level 10.1 Earth Magic
 + Level 10.1 Poison Magic
 + Level 12.7 Invocations
 + Level 11.8 Evocations


You had 2 spell levels left.
You knew the following spells:

 Your Spells              Type           Power      Damage    Failure   Level
a - Summon Mana Viper     Hex/Summ       39%        N/A       9%          5
b - Vampiric Draining     Necr           19%        2d8       1%          3
c - Sticky Flame          Conj/Fire      39%        2d6       3%          4
e - Swiftness             Air            39%        N/A       1%          3
f - Conjure Flame         Conj/Fire      39%        6-21      1%          3
g - Summon Forest         Summ/Tloc      19%        N/A       9%          5
h - Apportation           Tloc           78%        N/A       1%          1
i - Poisonous Vapours     Pois/Air       78%        N/A       1%          2
j - Dispel Undead         Necr           39%        3d16      3%          4
k - Freezing Cloud        Conj/Ice/Air   19%        6-21      9%          5
l - Blink                 Tloc           N/A        N/A       1%          2
s - Animate Skeleton      Necr           78%        N/A       1%          1

Your spell library contained the following spells:

 Spells                   Type           Power      Damage    Failure   Level
 Corona                   Hex            43%        N/A       1%          1
 Pain                     Necr           100%       1d9       1%          1
 Shock                    Conj/Air       100%       1d9       1%          1
 Summon Small Mammal      Summ           100%       N/A       1%          1
 Corpse Rot               Necr/Air       N/A        N/A       1%          2
 Ignite Poison            Fire/Tmut/Pois 39%        N/A       1%          3
 Lesser Beckoning         Tloc           19%        N/A       1%          3
 Summon Guardian Golem    Hex/Summ       39%        N/A       1%          3
 Airstrike                Air            19%        N/A       3%          4
 Cause Fear               Hex            19%        N/A       3%          4
 Alistair's Intoxication  Tmut/Pois      26%        N/A       9%          5
 Fireball                 Conj/Fire      19%        3d9       9%          5
 Iskenderun's Battlesphe  Conj           39%        2d9       9%          5
 Manifold Assault         Tloc           39%        N/A       9%          5
 Conjure Ball Lightning   Conj/Air       19%        3x3d6     41%         6
 Death Channel            Necr           19%        N/A       41%         6
 Invisibility             Hex            19%        N/A       41%         6
 Shadow Creatures         Summ           N/A        N/A       41%         6
 Dragon Form              Tmut           19%        N/A       94%         7
 Orb of Destruction       Conj           19%        9d9       94%         7
 Spellforged Servitor     Conj/Summ      19%        N/A       94%         7
 Dragon's Call            Summ           19%        N/A       100%        9


Dungeon Overview and Level Annotations

Branches:
Dungeon (15/15)            Temple (0/1) D:4            Lair (6/6) D:11
  Swamp (4/4) Lair:4        Snake (4/4) Lair:3        Slime (0/5) Lair:6
    Orc (2/2) D:10            Elf (0/3) Orc:2        Vaults (0/5) D:13
  IceCv (visited)
 Depths: D:15

Altars:
Cheibriados
Dithmenos
Fedhas
Hepliaklqana
Kikubaaqudgha
Makhleb
Nemelex Xobeh
Ru
Uskayaw
Wu Jian
Xom
The Shining One

Shops:
D:3 ?=   D:8 *   D:12 :   Orc:1 (   Orc:2 ([=*   Snake:2 [

Annotations:
D:10 1 runed translucent door
D:14 2 runed translucent doors, Kapsuk's ghost, journeyman DECj
D:15 exclusion: Roxanne, Roxanne; Rupert
Lair:4 exclusion: 4 oklob plants
Lair:6 exclusion: 2 oklob plants


Innate Abilities, Weirdness & Mutations

You have very sharp teeth.
Your uncanny sense of smell can sniff out nearby items.
Your experience applies equally to all skills.


Message History

The 27-headed hydra skeleton burns!
Something hits you! Something bites you but does no damage.
Something barely misses you. Something bites you but does no damage.
Your mana viper completely misses the 27-headed hydra skeleton.
A mysterious force pulls you upwards. The hatch slams shut behind you.
Reactivating autopickup.
There is a strange disturbance nearby!
There is a strange disturbance nearby!
There is a strange disturbance nearby!
You block something's attack.
Deactivating autopickup; reactivate with Ctrl-A.
Something bites you but does no damage.
You hear a splashing noise.
Something bites you but does no damage. Something barely misses you.
You hear a splashing noise.
Something hits you!!
* * * LOW HITPOINT WARNING * * *
Something bites you!
* * * LOW HITPOINT WARNING * * *
Something draws strength from your injuries!
You block something's attack.
You hear a splashing noise.
You hear a splashing noise.
Something bites you but does no damage.
Space becomes stable.
Something hits you!!
* * * LOW HITPOINT WARNING * * *
Something bites you.
* * * LOW HITPOINT WARNING * * *
Something draws strength from your injuries!
You feel better. Something barely misses you. Something bites you!
* * * LOW HITPOINT WARNING * * *
Something draws strength from your injuries!
You feel better. You block something's attack. Something bites you.
* * * LOW HITPOINT WARNING * * *
Something draws strength from your injuries!
Something hits you but does no damage. Something bites you but does no damage.
As you read the scroll of fog, it crumbles to dust.
The scroll dissolves into smoke.
Something hits you!
You die...

.≈≈.♣.≈≈≈.≈♣.[.#))#...'..#...♣≈..
≈≈≈≈♣.≈≈≈..♣...####...#..#..♣♣.≈≈
.≈≈≈...≈.≈♣♣..........####..♣♣♣≈.
♣.≈≈≈...≈.♣♣♣......|.......♣♣♣≈.≈
♣♣........≈♣♣♣♣♣..........♣♣♣♣..#
♣≈.....≈≈≈.♣..♣♣♣♣♣..♣♣♣♣♣♣♣♣≈...
♣.≈..≈..≈≈.≈≈.♣♣≈....≈♣≈♣≈≈♣≈≈..#
..≈.♣≈≈.≈≈....≈§§§.....≈≈§≈≈≈≈..#
.§≈≈♣.≈♣..♣♣♣..{@§≈♣.≈.≈≈≈≈≈≈≈≈..
♣≈≈≈.♣♣♣♣♣♣ ♣♣.§♣§♣♣...≈≈...≈....
♣....♣♣ ♣≈≈≈♣♣♣.≈..≈..♣≈....#
♣♣♣≈.≈♣ ♣♣.♣♣♣♣..♣♣≈.≈♣♣♣♣..#
♣.≈.♣♣ ♣♣♣ ♣.≈.♣♣♣♣♣♣ ♣...#
♣...♣♣ ♣♣.♣♣ ♣♣≈.. ♣§.^.♣ ♣♣♣
♣♣♣♣ ♣♣≈≈.♣♣ ♣ .≈≈..♣ ♣


There were no monsters in sight!

Vanquished Creatures
  A sphinx (D:13)
  Agnes (Snake:4)
  Donald (Snake:3)
  A fenstrider witch (Swamp:2)
  3 bunyips
  6 vault guards (D:13)
  A boulder beetle (Lair:5)
  3 naga warriors
  11 hydras
  A merfolk avatar (Lair:6)
  3 anacondas
  A ghost crab (Swamp:3)
  A death knight (D:11)
  2 two-headed ogres
  4 alligators
  2 death yaks
  An orc high priest (Orc:2)
  2 shock serpents
  2 naga sharpshooters
  2 spriggan druids
  A salamander mystic (Snake:1)
  2 skeletal warriors
  A sea snake (Lair:6)
  4 goliath frogs
  6 swamp dragons
  2 bog bodies
  A harpy (shapeshifter) (D:13)
  A spectral hydra (Swamp:4)
  A phantasmal warrior (D:11)
  2 deep elf pyromancers (D:13)
  2 orc sorcerers (Orc:2)
  5 mana vipers
  9 ugly things
  6 orc knights
  6 manticores
  5 salamanders
  5 cyclopes
  2 elephants (Lair:6)
  A guardian serpent (shapeshifter) (D:13)
  5 guardian serpents
  8 naga magi (Snake:1)
  19 black mambas
  An unseen horror (D:11)
  4 gargoyles
  4 torpor snails
  A kobold demonologist (D:13)
  9 cane toads
  4 rime drakes
  A tengu conjurer (D:13)
  3 freezing wraiths
  2 ice devils (D:11)
  9 komodo dragons
  An entropy weaver simulacrum (IceCv)
  5 tyrant leeches
  2 trolls
  5 polar bears
  A wind drake (Lair:6)
  17 hornets
  Grinder (D:5)
  2 slime creatures
  21 blink frogs
  A snapping turtle (Lair:6)
  3 wyverns
  2 water elementals (D:14)
  2 shadows (D:11)
  2 vampires
  2 basilisks
  3 wraiths
  15 spriggans
  26 yaks
  6 vampire mosquitoes
  2 steam dragons
  16 swamp worms
  14 nagas
  5 wargs
  A hydra simulacrum (Swamp:4)
  4 acid dragons
  13 water moccasins
  3 sky beasts
  21 orc warriors
  3 black bears
  2 nameless horrors
  A swamp drake (Swamp:4)
  An ice beast (D:5)
  A hornet zombie (D:8)
  A necrophage (D:5)
  An ugly thing simulacrum (IceCv)
  6 boggarts
  8 ogres
  2 wolves (Lair:4)
  6 centaurs
  2 phantoms
  2 kobold brigands
  12 bullfrogs
  A glowing shapeshifter simulacrum (IceCv)
  A scorpion (D:5)
  A water moccasin skeleton (D:5)
  11 wights
  4 killer bees (D:10)
  3 howler monkeys
  3 electric eels
  4 centaur skeletons
  3 hounds (D:5)
  A jelly (D:5)
  2 bullfrog zombies (D:5)
  7 orc priests
  4 iguanas
  14 orc wizards
  A howler monkey zombie (D:8)
  7 gnolls (D:6)
  2 adders (D:5)
  A shadow imp (D:6)
  A white imp (D:5)
  An ufetubus (D:7)
  3 adder skeletons
  A worm (D:5)
  A dart slug (D:1)
  47 orcs
  12 endoplasms
  7 giant cockroaches
  7 goblins
  4 hobgoblins
  7 jackals
  15 kobolds
  13 quokkas
  9 ball pythons
  4 bats (D:1)
  5 frilled lizards
  5 rats
637 creatures vanquished.

Vanquished Creatures (collateral kills)
  Jorgrun (Swamp:3)
  Gastronok (D:10)
  3 nagarajas
  2 fenstrider witches
  An orc warlord (Orc:2)
  A vampire knight (Swamp:4)
  2 bunyips
  2 eleionomae
  Fannar (Lair:3)
  7 naga warriors
  3 salamander tyrants
  7 hydras
  A centaur warrior (D:13)
  An ogre mage (Orc:1)
  An anaconda (Snake:2)
  A ghost crab (Swamp:4)
  Erica (D:11)
  4 two-headed ogres
  5 death yaks
  3 naga sharpshooters
  3 shock serpents (Snake:4)
  2 salamander mystics
  A skeletal warrior (D:15)
  A sea snake (Lair:6)
  5 swamp dragons
  2 naga ritualists (Snake:2)
  2 spectral hydras (Swamp:4)
  3 bog bodies
  2 phantasmal warriors (Swamp:4)
  A deep elf pyromancer (D:14)
  A harpy (Lair:6)
  An orc sorcerer (Orc:2)
  9 ugly things
  2 mana vipers
  7 salamanders
  A centaur zombie (D:11)
  7 naga magi
  2 elephants (Lair:6)
  3 guardian serpents
  A cane toad (Lair:6)
  11 black mambas
  3 komodo dragons
  An entropy weaver simulacrum (IceCv)
  A freezing wraith (Swamp:4)
  2 trolls
  A polar bear (Lair:6)
  4 tyrant leeches
  4 hornets
  3 death drake zombies (Swamp:4)
  A nameless horror (Snake:4)
  2 slime creatures (IceCv)
  A snapping turtle (Lair:6)
  A blink frog (Lair:6)
  2 shadows (D:10)
  4 spriggans
  2 basilisks
  11 yaks
  A steam dragon (Lair:6)
  11 vampire mosquitoes
  20 nagas
  5 swamp worms
  2 hydra simulacra (Swamp:4)
  3 water moccasins
  4 swamp drakes
  A floating eye (D:14)
  3 orc warriors (Orc:2)
  2 swamp dragon zombies (Swamp:4)
  A black bear (D:5)
  2 wolves (Lair:4)
  3 ogres
  A centaur (D:9)
  A bullfrog (D:8)
  A gnoll sergeant (D:7)
  A killer bee (D:10)
  An orc priest (D:7)
  3 orc wizards
  5 gnolls (D:7)
  An adder (D:5)
  13 orcs
  4 kobolds
247 creatures vanquished.

Vanquished Creatures (others)
  A bunyip (Swamp:3)
  2 vault guards (D:13)
  A hydra (D:15)
  An ugly thing (D:15)
  A black mamba (Snake:1)
  2 bloated husks
  An orc warrior (Orc:2)
  A bullfrog (Lair:3)
  An orc wizard (D:10)
  63 fungi
  141 plants
  4 snaplasher vines
  2 withered plants (D:10)
221 creatures vanquished.

Grand Total: 1105 creatures vanquished

Notes
Turn   | Place    | Note
-------+----------+-------------------------------------------
     0 | D:1      | dolemite99 the Gnoll Monk began the quest for the Orb.
     0 | D:1      | Reached XP level 1. HP: 23/23 MP: 1/1
    16 | D:1      | Found a faded altar of an unknown god.
    22 | D:1      | Became a worshipper of Makhleb the Destroyer
    22 | D:1      | Reached * piety under Makhleb
    22 | D:1      | Reached ** piety under Makhleb
   113 | D:1      | Reached XP level 2. HP: 18/29 MP: 2/2
   373 | D:1      | Reached *** piety under Makhleb
   555 | D:1      | Reached XP level 3. HP: 27/35 MP: 3/3
  1235 | D:2      | Reached skill level 1 in Invocations
  1638 | D:2      | Reached skill level 1 in Short Blades
  1638 | D:2      | Reached skill level 1 in Long Blades
  1638 | D:2      | Reached skill level 1 in Axes
  1638 | D:2      | Reached skill level 1 in Maces & Flails
  1638 | D:2      | Reached skill level 1 in Staves
  1638 | D:2      | Reached skill level 1 in Slings
  1638 | D:2      | Reached skill level 1 in Bows
  1638 | D:2      | Reached skill level 1 in Crossbows
  1638 | D:2      | Reached skill level 1 in Throwing
  1638 | D:2      | Reached skill level 1 in Armour
  1638 | D:2      | Reached skill level 1 in Shields
  1638 | D:2      | Reached skill level 1 in Unarmed Combat
  1638 | D:2      | Reached skill level 1 in Spellcasting
  1638 | D:2      | Reached skill level 1 in Evocations
  1811 | D:2      | Reached **** piety under Makhleb
  2061 | D:3      | Reached XP level 4. HP: 41/41 MP: 5/5
  2066 | D:3      | Found Caoralor's Jewellery Shop.
  2153 | D:3      | Found Gofima's Magic Scroll Boutique.
  2166 | D:3      | Bought a scroll of teleportation for 33 gold pieces
  2166 | D:3      | Bought a scroll of magic mapping for 38 gold pieces
  2166 | D:3      | Bought a scroll of teleportation for 33 gold pieces
  3336 | D:4      | Reached skill level 1 in Conjurations
  3336 | D:4      | Reached skill level 1 in Hexes
  3336 | D:4      | Reached skill level 1 in Summonings
  3336 | D:4      | Reached skill level 1 in Necromancy
  3336 | D:4      | Reached skill level 1 in Translocations
  3336 | D:4      | Reached skill level 1 in Transmutations
  3336 | D:4      | Reached skill level 1 in Fire Magic
  3336 | D:4      | Reached skill level 1 in Ice Magic
  3336 | D:4      | Reached skill level 1 in Air Magic
  3336 | D:4      | Reached skill level 1 in Earth Magic
  3336 | D:4      | Reached skill level 1 in Poison Magic
  3491 | D:4      | Found a staircase to the Ecumenical Temple.
  3743 | D:4      | Reached XP level 5. HP: 31/47 MP: 5/7
  4356 | D:5      | Entered Level 5 of the Dungeon
  4444 | D:5      | Reached XP level 6. HP: 51/53 MP: 8/8
  4466 | D:5      | Noticed a necrophage
  4481 | D:5      | Killed a necrophage
  4652 | D:5      | Noticed a hornet
  4657 | D:5      | Killed a hornet
  4658 | D:5      | Reached XP level 7. HP: 59/60 MP: 10/10
  4678 | D:5      | Reached skill level 5 in Stealth
  4726 | D:5      | Reached XP level 8. HP: 55/67 MP: 12/12
  5794 | D:5      | Noticed Grinder
  5801 | D:5      | Reached XP level 9. HP: 69/72 MP: 14/14
  5821 | D:5      | Killed Grinder
  5841 | D:5      | Reached ***** piety under Makhleb
  7995 | D:7      | Reached skill level 5 in Invocations
  8222 | D:7      | Found a glowing golden altar of the Shining One.
  8918 | D:8      | Reached XP level 10. HP: 75/80 MP: 17/17
  9198 | D:8      | Reached skill level 5 in Short Blades
  9198 | D:8      | Reached skill level 5 in Long Blades
  9198 | D:8      | Reached skill level 5 in Axes
  9198 | D:8      | Reached skill level 5 in Maces & Flails
  9198 | D:8      | Reached skill level 5 in Staves
  9198 | D:8      | Reached skill level 5 in Slings
  9198 | D:8      | Reached skill level 5 in Bows
  9198 | D:8      | Reached skill level 5 in Crossbows
  9198 | D:8      | Reached skill level 5 in Throwing
  9198 | D:8      | Reached skill level 5 in Armour
  9198 | D:8      | Reached skill level 5 in Shields
  9198 | D:8      | Reached skill level 5 in Unarmed Combat
  9198 | D:8      | Reached skill level 5 in Spellcasting
  9198 | D:8      | Reached skill level 5 in Evocations
  9389 | D:8      | Found Kurag's Assorted Antiques.
  9389 | D:8      | Found a sacrificial altar of Ru.
  9406 | D:8      | Bought a scroll labelled RUUGIK TEUTREN for 29 gold pieces
  9537 | D:8      | Bought 3 scrolls of identify for 174 gold pieces
  9580 | D:9      | Learned a level 1 spell: Apportation
 10294 | D:9      | Noticed a green ugly thing
 10303 | D:9      | Killed a green ugly thing
 10491 | D:10     | Entered Level 10 of the Dungeon
 10611 | D:10     | Noticed Gastronok
 10627 | D:10     | Killed Gastronok
 10705 | D:10     | Found a staircase to the Orcish Mines.
 10731 | D:10     | Reached XP level 11. HP: 87/87 MP: 19/19
 11064 | D:10     | Found a hazy altar of Hepliaklqana.
 11226 | D:10     | Found a hide-covered altar of Uskayaw.
 11240 | D:10     | Found an ornate altar of the Wu Jian Council.
 11378 | D:10     | Found an ancient bone altar of Kikubaaqudgha.
 11380 | D:10     | Found a blossoming altar of Fedhas.
 11496 | D:10     | Found a runed translucent door.
 11525 | D:10     | Found a sparkling altar of Nemelex Xobeh.
 11898 | D:11     | Reached skill level 5 in Conjurations
 11898 | D:11     | Reached skill level 5 in Hexes
 11898 | D:11     | Reached skill level 5 in Summonings
 11898 | D:11     | Reached skill level 5 in Necromancy
 11898 | D:11     | Reached skill level 5 in Translocations
 11898 | D:11     | Reached skill level 5 in Transmutations
 11898 | D:11     | Reached skill level 5 in Fire Magic
 11898 | D:11     | Reached skill level 5 in Ice Magic
 11898 | D:11     | Reached skill level 5 in Air Magic
 11898 | D:11     | Reached skill level 5 in Earth Magic
 11898 | D:11     | Reached skill level 5 in Poison Magic
 11976 | D:11     | Noticed Erica
 11982 | D:11     | Killed Erica
 12295 | D:11     | Found a frozen archway.
 12316 | IceCv    | Entered an ice cave
 13255 | D:11     | Found a staircase to the Lair.
 13410 | D:12     | Noticed a manticore
 13415 | D:12     | Killed a manticore
 13444 | D:12     | Noticed a two-headed ogre
 13458 | D:12     | Killed a two-headed ogre
 13669 | D:12     | Reached XP level 12. HP: 88/96 MP: 22/22
 13865 | D:12     | Noticed a two-headed ogre
 13875 | D:12     | Noticed a four-headed hydra
 13878 | D:12     | Killed a two-headed ogre
 13892 | D:12     | Killed a four-headed hydra
 14325 | D:12     | Found Maopacs's Book Shop.
 14473 | D:12     | Noticed a six-headed hydra
 14486 | D:12     | Noticed a death knight
 14827 | Lair:1   | Entered Level 1 of the Lair of Beasts
 16163 | Lair:2   | Reached skill level 10 in Fighting
 16163 | Lair:2   | Reached skill level 10 in Polearms
 16163 | Lair:2   | Reached skill level 10 in Dodging
 16163 | Lair:2   | Reached XP level 13. HP: 104/104 MP: 25/25
 16998 | Lair:3   | Found a staircase to the Snake Pit.
 17170 | Lair:3   | Noticed Fannar
 17189 | Lair:3   | Killed Fannar
 17345 | Lair:3   | Found a snail-covered altar of Cheibriados.
 17455 | Lair:3   | Reached XP level 14. HP: 111/111 MP: 26/26
 18227 | Lair:4   | Found a staircase to the Swamp.
 19675 | Lair:5   | Identified the -2 pair of gloves of the Secret Mouths {rN+
                  | SInv}
 20296 | Lair:6   | Entered Level 6 of the Lair of Beasts
 20829 | Lair:6   | Reached skill level 10 in Stealth
 21225 | Lair:6   | Found the +8 trident of the Octopus King {venom, rElec
                  | rPois Will+}
 21634 | Lair:6   | Reached skill level 10 in Invocations
 21843 | Lair:6   | Found a staircase to the Slime Pits.
 23768 | D:12     | Reached XP level 15. HP: 111/119 MP: 28/28
 24149 | Orc:1    | Entered Level 1 of the Orcish Mines
 25097 | Orc:1    | Found Axoplil's Antique Weapon Boutique.
 25336 | Orc:2    | Entered Level 2 of the Orcish Mines
 25355 | Orc:2    | Found Tifohoyv's General Store.
 25537 | Orc:2    | Found Opyxzime's Jewellery Shoppe.
 25571 | Orc:2    | Noticed an orc warlord
 25595 | Orc:2    | Killed an orc warlord
 26049 | Orc:2    | Bought a +4 ring of protection for 648 gold pieces
 26101 | Orc:2    | Found Kahoo's Antique Armour Boutique.
 26109 | Orc:2    | Bought a pair of shimmering boots for 266 gold pieces
 26109 | Orc:2    | Identified the +1 pair of boots of Time Monsters {rF+ rC++}
                  | (You bought it in a shop on level 2 of the Orcish Mines)
 26531 | Orc:2    | Found a staircase to the Elven Halls.
 26539 | Orc:2    | Found Woschump's Antique Weapon Emporium.
 26765 | Orc:1    | Bought a crystal falchion for 232 gold pieces
 26765 | Orc:1    | Identified the +1 falchion of the Boiling Point {holy,
                  | Dex+5} (You bought it in a shop on level 1 of the Orcish
                  | Mines)
 27064 | D:13     | Learned a level 2 spell: Blink
 27067 | D:13     | Learned a level 2 spell: Poisonous Vapours
 27070 | D:13     | Learned a level 2 spell: Corpse Rot
 27459 | D:13     | Found a gate to the Vaults.
 27634 | D:13     | Reached skill level 10 in Short Blades
 27634 | D:13     | Reached skill level 10 in Long Blades
 27634 | D:13     | Reached skill level 10 in Axes
 27634 | D:13     | Reached skill level 10 in Maces & Flails
 27634 | D:13     | Reached skill level 10 in Staves
 27634 | D:13     | Reached skill level 10 in Slings
 27634 | D:13     | Reached skill level 10 in Bows
 27634 | D:13     | Reached skill level 10 in Crossbows
 27634 | D:13     | Reached skill level 10 in Throwing
 27634 | D:13     | Reached skill level 10 in Armour
 27634 | D:13     | Reached skill level 10 in Shields
 27634 | D:13     | Reached skill level 10 in Unarmed Combat
 27634 | D:13     | Reached skill level 10 in Spellcasting
 27634 | D:13     | Reached skill level 10 in Evocations
 27792 | D:13     | Noticed a sphinx
 27811 | D:13     | Killed a sphinx
 29060 | D:14     | Reached XP level 16. HP: 127/127 MP: 30/30
 29075 | D:14     | Found a shimmering altar of Xom.
 29107 | D:14     | Found a runed translucent door.
 29163 | D:14     | Noticed Nessos
 29173 | D:14     | Noticed Nessos
 29173 | D:14     | Nessos changed into Nessos the floating eye
 29175 | D:14     | Killed Nessos the floating eye
 29556 | D:14     | Noticed a storm dragon
 29560 | D:14     | Noticed a lich
 29583 | D:14     | Noticed Kapsuk's ghost (journeyman DECj)
 29585 | D:14     | Found a runed translucent door.
 29706 | D:15     | Entered Level 15 of the Dungeon
 29824 | D:15     | Noticed Rupert
 29835 | D:15     | Identified Roxanne's Disquisition on Transformation
 29835 | D:15     | Noticed Roxanne
 30206 | D:3      | Bought a ring of poison resistance for 200 gold pieces
 30702 | Snake:1  | Entered Level 1 of the Snake Pit
 31672 | D:3      | Bought an amulet of guardian spirit for 300 gold pieces
 31900 | Swamp:1  | Entered Level 1 of the Swamp
 33109 | Swamp:2  | Noticed a fenstrider witch
 33124 | Swamp:2  | Killed a fenstrider witch
 33976 | Swamp:2  | Learned a level 3 spell: Swiftness
 33980 | Swamp:2  | Learned a level 3 spell: Conjure Flame
 34098 | Swamp:2  | Noticed a fenstrider witch
 34110 | Swamp:2  | Killed a fenstrider witch
 35178 | Swamp:2  | Learned a level 5 spell: Summon Forest
 35184 | Swamp:2  | Learned a level 5 spell: Summon Mana Viper
 35189 | Swamp:2  | Learned a level 4 spell: Sticky Flame
 35194 | Swamp:2  | Learned a level 4 spell: Dispel Undead
 35212 | Swamp:3  | Learned a level 5 spell: Freezing Cloud
 35328 | Swamp:3  | Reached XP level 17. HP: 135/135 MP: 32/32
 35698 | Swamp:3  | Noticed Jorgrun
 35715 | Swamp:3  | Killed Jorgrun
 36318 | Swamp:3  | Identified a scroll of acquirement
 36318 | Swamp:3  | Acquired 504 gold pieces
 36990 | Snake:2  | Found Puvott's Armour Emporium.
 36994 | Snake:2  | Bought a +2 helmet of intelligence for 344 gold pieces
 37212 | Snake:2  | Found the +2 robe of Vines {NoPotionHeal Regen+++}
 39601 | D:12     | Bought a book of Necromancy for 192 gold pieces
 39607 | D:12     | Learned a level 1 spell: Animate Skeleton
 39611 | D:12     | Learned a level 3 spell: Vampiric Draining
 40411 | Snake:3  | Found a shadowy altar of Dithmenos.
 40503 | Snake:4  | Entered Level 4 of the Snake Pit
 41722 | Snake:4  | Noticed Agnes
 41735 | Snake:4  | Killed Agnes
 42151 | Snake:4  | Noticed Donald
 42202 | Snake:3  | Killed Donald
 42971 | Swamp:4  | Entered Level 4 of the Swamp
 43014 | Swamp:4  | Reached skill level 10 in Conjurations
 43014 | Swamp:4  | Reached skill level 10 in Hexes
 43014 | Swamp:4  | Reached skill level 10 in Summonings
 43014 | Swamp:4  | Reached skill level 10 in Necromancy
 43014 | Swamp:4  | Reached skill level 10 in Translocations
 43014 | Swamp:4  | Reached skill level 10 in Transmutations
 43014 | Swamp:4  | Reached skill level 10 in Fire Magic
 43014 | Swamp:4  | Reached skill level 10 in Ice Magic
 43014 | Swamp:4  | Reached skill level 10 in Air Magic
 43014 | Swamp:4  | Reached skill level 10 in Earth Magic
 43014 | Swamp:4  | Reached skill level 10 in Poison Magic
 43898 | Swamp:4  | Reached XP level 18. HP: 143/143 MP: 24/33
 44871 | Swamp:3  | HP: 5/141 [something (5)]
 44875 | Swamp:3  | Slain by a vampire knight

Illustrated notes

Levels and vault maps discovered:
D:1:      lightli_arrival_maybe_door_vault, layout_basic,
          hellmonk_ecumenical_altar_heavens_door, chequers_hall_statues_y
D:2:      layout_basic
D:3:      layout_basic, serial_shops, shop, nicolae_shop_statue_plus,
          wander_ebering_terrifying_dragon_lair
D:4:      layout_cave_pods, minmay_temple_entry_tees, gup_sewer_entry_pipe
D:5:      kennysheep_windowed_halls, layout_basic,
          chequers_serial_rivers_micro_e, dk_vineyard_2, minmay_joined_circles,
          uniq_grinder
D:6:      layout_cave_pools
D:7:      layout_gridville, mainiacjoe_overflow_24_doors,
          serial_co_window_serial, co_window_of_opportunity_a,
          co_window_paths_b, co_window_paths_b, co_window_cross_1,
          co_window_paths_a, co_window_corner_b, co_window_broadway_b,
          co_window_of_opportunity_c, co_window_broadway_a,
          co_window_of_opportunity_b, glass_columns_a, glass_columns_a,
          glass_columns_a, glass_columns_b, glass_columns_a,
          nrook_mini_backslash, chequers_mini_garden,
          minmay_misc_feat_more_columns
D:8:      layout_basic, mainiacjoe_overflow_alcove_1, serial_shops,
          shop_fountains
D:9:      layout_basic, minmay_misc_feat_roman
D:10:     layout_roguey, grunt_temple_overflow_growth_and_decay,
          kennysheep_mini, nemelex_diamond_rough_becter,
          mainiacjoe_overflow_large_starburst, erik_orc_4, enter_bailey_2,
          lightli_church_of_beogh, uniq_gastronok
D:11:     layout_stronghold, lair_entry_dummy, portal_ice_cave_demonic_guard,
          uniq_erica
D:12:     layout_irregular_city, serial_shops, shop_fountains
D:13:     minmay_connected_boxes_in_corner, layout_cave_pods, erik_vaults_2
D:14:     layout_rooms, xom_teletrap_fun, muffindrake_ghost_dual_entry,
          serial_bayou_lake_a, uniq_nessos
D:15:     gammafunk_enter_depths_forms, layout_rooms, okawaru_ov_weapons_minmay,
          uniq_rupert, uniq_azrael, uniq_roxanne
Lair:1:   layout_gridlike, grunt_megastairs_3, serial_bayou_shore_b
Lair:2:   layout_layer_cave
Lair:3:   layout_gridlike, guppyfry_snake_entry_island, kennysheep_snail_temple,
          uniq_fannar
Lair:4:   layout_regular_city, swamp_mist, minmay_lair_oklob_chamber
Lair:5:   layout_hall_layers, grunt_megastairs_2
Lair:6:   gammafunk_lair_ancient_temple, layout_layer_cave,
          minmay_slime_entry_oklob_open, infiniplex_staircase_pool_2
Swamp:1:  layout_basic_swamp, hangedman_swamp_ruin_wall,
          infiniplex_staircase_pool
Swamp:2:  layout_basic_swamp, evilmike_swamp_ruin_rubble_1
Swamp:3:  layout_basic_swamp, serial_swamp_ruin, hangedman_swamp_ruin_hall,
          evilmike_swamp_ruin_house_1, swamp_pool1,
          nicolae_swamp_orc_logging_accident, nicolae_swamp_snake_nest,
          uniq_jorgrun
Swamp:4:  byrel_swamp_growth_death_and_undeath, layout_basic_swamp, swamp_pool1
Snake:1:  layout_basic, serial_bayou_shore_a
Snake:2:  layout_onion, serial_shops, nicolae_shop_crystal
Snake:3:  layout_cave_pods, basic_altar, grunt_megastairs_5
Snake:4:  johnstein_snake_rune_scales, layout_cave_town,
          nicolae_snake_snakes_in_the_grass, uniq_donald, uniq_agnes
Orc:1:    layout_caves, serial_shops, nicolae_shop_waterfront
Orc:2:    grunt_orc_gardens, layout_diamond_mine, grunt_orc_garden,
          grunt_orc_garden, grunt_orc_garden, grunt_orc_garden

Skill      XL: |  1  2  3  4  5  6  7  8  9 10 11 12 13 14 15 16 17 |
---------------+----------------------------------------------------+-----
Invocations    | 1 2 3 4 5 6 7 8 9 10 11 12 | 12.7
Short Blades   | 1 2 3 4 5 6 8 9 10 11 | 11.8
Long Blades    | 1 2 3 4 5 6 8 9 10 11 | 11.8
Axes           | 1 2 3 4 5 6 8 9 10 11 | 11.8
Maces & Flails | 1 2 3 4 5 6 8 9 10 11 | 11.8
Staves         | 1 2 3 4 5 6 8 9 10 11 | 11.8
Slings         | 1 2 3 4 5 6 8 9 10 11 | 11.8
Bows           | 1 2 3 4 5 6 8 9 10 11 | 11.8
Crossbows      | 1 2 3 4 5 6 8 9 10 11 | 11.8
Throwing       | 1 2 3 4 5 6 8 9 10 11 | 11.8
Armour         | 1 2 3 4 5 6 8 9 10 11 | 11.8
Shields        | 1 2 3 4 5 6 8 9 10 11 | 11.8
Unarmed Combat | 1 2 3 4 5 6 8 9 10 11 | 11.8
Spellcasting   | 1 2 3 4 5 6 8 9 10 11 | 11.8
Evocations     | 1 2 3 4 5 6 8 9 10 11 | 11.8
Conjurations   | 1 2 3 4 5 6 7 8 9 10 | 10.1
Hexes          | 1 2 3 4 5 6 7 8 9 10 | 10.1
Summonings     | 1 2 3 4 5 6 7 8 9 10 | 10.1
Necromancy     | 1 2 3 4 5 6 7 8 9 10 | 10.1
Translocations | 1 2 3 4 5 6 7 8 9 10 | 10.1
Transmutations | 1 2 3 4 5 6 7 8 9 10 | 10.1
Fire Magic     | 1 2 3 4 5 6 7 8 9 10 | 10.1
Ice Magic      | 1 2 3 4 5 6 7 8 9 10 | 10.1
Air Magic      | 1 2 3 4 5 6 7 8 9 10 | 10.1
Earth Magic    | 1 2 3 4 5 6 7 8 9 10 | 10.1
Poison Magic   | 1 2 3 4 5 6 7 8 9 10 | 10.1
Fighting       | 7 8 9 10 11 12 13 | 13.2
Polearms       | 7 8 9 10 11 12 13 | 13.2
Dodging        | 7 8 9 10 11 12 13 | 13.2
Stealth        | 5 6 7 8 9 10 11 12 | 12.4

Action                   |  1- 3 |  4- 6 |  7- 9 | 10-12 | 13-15 | 16-18 || total
-------------------------+-------+-------+-------+-------+-------+-------++-------
Melee: Spear             |    88 |    51 |    45 |    65 |       |       ||   249
       Bite              |     4 |     4 |     8 |    35 |    45 |    70 ||   166
       Punch             |       |     1 |       |       |       |       ||     1
       Trident           |       |       |    23 |    89 |   345 |   503 ||   960
       Scimitar          |       |       |       |    62 |     4 |       ||    66
       Falchion          |       |       |       |       |       |     5 ||     5
       Staff             |       |       |       |       |       |     7 ||     7
 Fire: Hunting sling     |       |       |       |    74 |   640 |   246 ||   960
Throw: Javelin           |    34 |    22 |       |       |    61 |    66 ||   183
       Stone             |       |     3 |     5 |       |       |    32 ||    40
       Dart              |       |       |    55 |    58 |       |     3 ||   116
       Throwing net      |       |       |       |       |       |     3 ||     3
 Cast: Summon Mana Viper |       |       |       |       |       |   128 ||   128
       Blink             |       |       |       |       |       |     3 ||     3
       Animate Skeleton  |       |       |       |       |       |    43 ||    43
       Sticky Flame      |       |       |       |       |       |    20 ||    20
       Summon Forest     |       |       |       |       |       |    18 ||    18
       Vampiric Draining |       |       |       |       |       |     2 ||     2
       Poisonous Vapours |       |       |       |       |       |     2 ||     2
Invok: Minor Destruction |       |    78 |   201 |   280 |   181 |    49 ||   789
       Lesser Servant of |       |       |     7 |    30 |    37 |    53 ||   127
Evoke: Wand              |       |       |       |     3 |    48 |    70 ||   121
       Lightning rod     |       |       |       |       |       |     4 ||     4
  Use: Scroll            |       |     4 |     1 |    21 |    11 |    27 ||    64
       Potion            |       |       |       |     1 |     1 |    14 ||    16
 Stab: Sleeping          |     2 |       |       |       |       |     1 ||     3
       Distracted        |       |     1 |       |     2 |     3 |    23 ||    29
       Paralysed         |       |       |       |       |     7 |       ||     7
Armor: Robe              |    13 |       |       |       |       |       ||    13
       Ring mail         |     2 |    10 |       |       |       |       ||    12
       Scale mail        |       |       |    45 |       |       |       ||    45
       Storm dragon scal |       |       |    37 |   182 |   275 |   141 ||   635
       Swamp dragon scal |       |       |       |       |       |   217 ||   217
Dodge: Dodged            |    71 |    51 |    72 |   137 |   225 |   347 ||   903
Block: Buckler           |       |     1 |    33 |   115 |   173 |       ||   322
       Kite shield       |       |       |       |       |    36 |   419 ||   455
       Rpst.: Scimitar   |       |       |       |     3 |       |       ||     3
       Falchion          |       |       |       |       |       |     1 ||     1
